[Event "Titled Tuesday Blitz January 10 Early 2023"]
[White "Shuvalov, Evgenij"]
[Black "Kho, Darrell"]
[WhiteFideId "4187237"]
[BlackFideId "1019317"]
[WhiteElo "2038"]
[BlackElo "2075"]
[Result "1-0"]
[Round "09"]
[TimeControl "180+2"]
[Date "2023.01.10"]
[WhiteClock "0:00:34"]
[BlackClock "0:00:02"]

1. d4 d5 2. c4 e6 3. Nc3 a6 4. cxd5 exd5 5. Nf3 c6 6. Bg5 Be7 7. h4 h6 8. Bf4 Bd6 9. Be5 Nf6 10. Qc2 Be6 11. O-O-O Qc7 12. Kb1 Nbd7 13. Bxd6 Qxd6 14. e3 O-O-O 15. Bd3 Kb8 16. Rc1 Rhe8 17. Na4 g6 18. Qb3 Ka7 19. Ne5 Ne4 20. Nxd7 Nd2+ 21. Kc2 Nxb3 22. axb3 Rxd7 23. Nc5 Rde7 24. Ra1 Kb8 25. Kc3 Bc8 26. b4 Qf6 27. Raf1 Bf5 28. Be2 Rh8 29. g4 Bc8 30. h5 Qg7 31. Rfg1 g5 32. Bd3 f5 33. gxf5 Qf6 34. f4 Bxf5 35. fxg5 hxg5 36. Rf1 Rxe3 37. Nd7+ Bxd7 38. Rxf6 g4 39. Kd2 Re7 40. h6 Kc7 41. h7 Ree8 42. Rf7 Kd8 43. Rg7 Be6 44. Rh6 1-0


[Site "https://www.chess.com"]

[Event "Titled Tuesday Blitz January 10 Early 2023"]
[White "Larina, Maria"]
[Black "Ansh M Shah"]
[WhiteFideId "24113182"]
[BlackFideId "25033379"]
[WhiteElo "1948"]
[BlackElo "2171"]
[Result "0-1"]
[Round "09"]
[TimeControl "180+2"]
[Date "2023.01.10"]
[WhiteClock "0:00:13"]
[BlackClock "0:00:40"]

1. e4 c6 2. d4 d5 3. f3 dxe4 4. fxe4 e5 5. Nf3 Bg4 6. c3 Nf6 7. Bc4 Nbd7 8. Qb3 Qe7 9. Ng5 Bh5 10. Qxb7 Rb8 11. Qxc6 exd4 12. O-O dxc3 13. Nxc3 Qc5+ 14. Qxc5 Bxc5+ 15. Kh1 O-O 16. Bb3 h6 17. Nf3 Bxf3 18. gxf3 Rbd8 19. Bf4 Nh5 20. Bc7 Rc8 21. Bg3 Nxg3+ 22. hxg3 Ne5 23. Rad1 Kh7 24. Nd5 Kh8 25. Kg2 f5 26. exf5 Rxf5 27. Nf4 Be3 28. Ng6+ Nxg6 29. Be6 Rc2+ 30. Kh3 Rf8 31. Rd3 Bb6 32. Rb3 Ne5 33. f4 Nc6 34. Bd5 Nd4 35. Rd3 Rxb2 36. Rfd1 Nf5 37. g4 Ne3 38. Re1 Nxd5 39. Rxd5 Rxa2 40. f5 Ra3+ 41. Kg2 Rc8 42. Re7 Rc2+ 43. Kf1 Ra1+ 44. Re1 Rf2+ 45. Kg1 Rxe1# 0-1


[Site "https://www.chess.com"]

[Event "Titled Tuesday Blitz January 10 Early 2023"]
[White "Stanojevic, Ilija"]
[Black "Lewtak, Damian"]
[WhiteFideId "959995"]
[BlackFideId "1141724"]
[WhiteElo "2142"]
[BlackElo "2381"]
[Result "1-0"]
[Round "09"]
[TimeControl "180+2"]
[Date "2023.01.10"]
[WhiteClock "0:00:17"]
[BlackClock "0:01:24"]

1. d4 a6 2. c4 b5 3. e3 bxc4 4. Bxc4 d5 5. Bd3 Nf6 6. Nf3 e6 7. Qc2 Nbd7 8. a3 c5 9. dxc5 Nxc5 10. Be2 Bd7 11. O-O Ba4 12. Qc3 Rc8 13. b4 Nb3 14. Qb2 Nxa1 15. Qxa1 Qb6 16. Bb2 Be7 17. Nc3 Bb3 18. Nd4 O-O 19. Nxb3 Rc7 20. Nd4 Rfc8 21. h3 Bd6 22. Bd3 Be5 23. Nde2 d4 24. Ne4 Nxe4 25. Bxe4 f5 26. Bd3 g6 27. Bxd4 Bxd4 28. Qxd4 Qxd4 29. Nxd4 e5 30. Ne6 Rc6 31. Nc5 a5 32. Rc1 axb4 33. axb4 Kg7 34. Bb5 Rb6 35. Ne6+ Kf6 36. Rxc8 Kxe6 37. Rc6+ 1-0


[Site "https://www.chess.com"]

[Event "Titled Tuesday Blitz January 10 Early 2023"]
[White "Khumalo, Keith"]
[Black "Khalafova, Narmin"]
[WhiteFideId "14319470"]
[BlackFideId "13402625"]
[WhiteElo "2099"]
[BlackElo "2246"]
[Result "0-1"]
[Round "09"]
[TimeControl "180+2"]
[Date "2023.01.10"]
[WhiteClock "0:00:17"]
[BlackClock "0:01:03"]

1. e4 c5 2. Nc3 d6 3. d4 cxd4 4. Qxd4 Nc6 5. Qd2 Nf6 6. b3 g6 7. Bb2 Bg7 8. O-O-O O-O 9. f3 Be6 10. Nge2 Qa5 11. Kb1 Rac8 12. a3 b5 13. g4 b4 14. axb4 Nxb4 15. Nd4 Bd7 16. Na4 Bxa4 17. bxa4 Qxa4 18. c3 Qa2+ 19. Kc1 e5 20. Nb5 a6 21. Na3 Rfd8 22. Be2 d5 23. g5 Nh5 24. exd5 Nf4 25. Bc4 Rxc4 26. Nxc4 Nfd3+ 27. Qxd3 Nxd3+ 28. Rxd3 Qxc4 29. Rhd1 Qf4+ 30. Kc2 Qxg5 31. Bc1 Qh4 32. c4 Qxc4+ 33. Rc3 Qa2+ 34. Bb2 Rb8 35. Rb1 e4 36. Ra3 Rxb2+ 0-1


[Site "https://www.chess.com"]

[Event "Titled Tuesday Blitz January 10 Early 2023"]
[White "Jiganchine, Roman"]
[Black "Tasev, Dejan"]
[WhiteFideId "2603667"]
[BlackFideId "936618"]
[WhiteElo "2205"]
[BlackElo "2205"]
[Result "0-1"]
[Round "09"]
[TimeControl "180+2"]
[Date "2023.01.10"]
[WhiteClock "0:00:01"]
[BlackClock "0:00:09"]

1. e4 c6 2. d4 d5 3. exd5 cxd5 4. c4 e6 5. Nc3 Nf6 6. Nf3 Be7 7. cxd5 exd5 8. Bb5+ Nc6 9. O-O O-O 10. h3 h6 11. Bf4 a6 12. Bxc6 bxc6 13. Ne5 Bb7 14. Qa4 Qb6 15. Qb3 Qxb3 16. axb3 c5 17. dxc5 Bxc5 18. Na4 Ba7 19. Rac1 Rac8 20. Nd3 Rxc1 21. Rxc1 Rc8 22. Ndc5 Bxc5 23. Nxc5 Ba8 24. Nxa6 Rxc1+ 25. Bxc1 Kf8 26. Nc7 Bb7 27. Nb5 Ke7 28. Bf4 Ba6 29. Nd4 Kd7 30. f3 Ne8 31. Kf2 h5 32. h4 g6 33. Be5 f6 34. Bb8 Ng7 35. Ke3 Ne6 36. g3 Nc5 37. b4 Na4 38. b5 Bb7 39. b3 Nc5 40. Ba7 Kd6 41. Bb8+ Kd7 42. Ba7 Kd6 43. Bb6 Nd7 44. Ba5 Ke7 45. Bb4+ Kf7 46. Bd6 Ne5 47. b6 Ke8 48. b4 Nc4+ 49. Kd3 Nxd6 50. Ne6 Ke7 51. Nc5 Bc6 52. g4 hxg4 53. fxg4 Kf7 54. Kd4 Nb5+ 55. Kd3 Nd6 56. Kd4 Kg7 57. b5 Nxb5+ 58. Kd3 Nd6 59. Ne6+ Kh6 60. Nd8 Bb7 61. Kd4 f5 62. g5+ Kh5 63. Ke5 Nc4+ 64. Kf6 Nxb6 65. Nxb7 d4 66. Nc5 f4 67. Nd3 f3 68. Ke5 Kg4 69. Kxd4 Kxh4 70. Ke3 Kg3 71. Nf4 f2 72. Ne2+ Kg2 73. Nf4+ Kg3 74. Ne2+ Kg4 75. Kxf2 Kxg5 76. Kg3 Nd5 77. Nd4 Kf6 78. Nf3 Ne3 79. Kf4 Nd5+ 80. Kg3 Ne7 81. Kg2 Nf5 82. Nd2 Ke5 83. Nf3+ Kf4 84. Nh4 Nxh4+ 0-1


[Site "https://www.chess.com"]

[Event "Titled Tuesday Blitz January 10 Early 2023"]
[White "Osmak, Yuliia"]
[Black "Kaminski, Victor"]
[WhiteFideId "14101602"]
[BlackFideId "1131630"]
[WhiteElo "2440"]
[BlackElo "2247"]
[Result "1-0"]
[Round "09"]
[TimeControl "180+2"]
[Date "2023.01.10"]
[WhiteClock "0:00:09"]
[BlackClock "0:00:04"]

1. e4 e5 2. Nf3 Nc6 3. Nc3 Nf6 4. Bb5 Bb4 5. O-O O-O 6. d3 d6 7. Ne2 Ne7 8. c3 Ba5 9. b4 Bb6 10. Ng3 c6 11. Ba4 Ng6 12. Re1 h6 13. h3 a5 14. b5 Bd7 15. Rb1 Rc8 16. bxc6 Bxc6 17. c4 Nd7 18. Nf5 Bc5 19. Be3 Ne7 20. N3h4 Nxf5 21. Nxf5 Bxe3 22. fxe3 Bxa4 23. Qxa4 Nc5 24. Qd1 Kh7 25. Qe2 g6 26. Ng3 Qg5 27. Kh2 Rc7 28. Rf1 Kg7 29. Rf3 h5 30. Nf5+ Kg8 31. Rg3 Qf6 32. Rf1 Qe6 33. Qxh5 Nxd3 34. Qh6 Qf6 35. Rg4 Qh8 36. Rxg6+ fxg6 37. Qxg6+ Rg7 38. Ne7# 1-0


[Site "https://www.chess.com"]

[Event "Titled Tuesday Blitz January 10 Early 2023"]
[White "Mendez Fortes, Eduardo Jesus"]
[Black "Boraso, Alessio"]
[WhiteFideId "3502376"]
[BlackFideId "848077"]
[WhiteElo "2250"]
[BlackElo "2316"]
[Result "1-0"]
[Round "09"]
[TimeControl "180+2"]
[Date "2023.01.10"]
[WhiteClock "0:02:03"]
[BlackClock "0:00:13"]

1. e4 c5 2. Nf3 e6 3. d4 cxd4 4. Nxd4 a6 5. c4 Nc6 6. Nc3 Qc7 7. Be2 b6 8. Be3 Bb7 9. Qd2 Nf6 10. f3 Be7 11. O-O Rc8 12. Rac1 d6 13. Rfd1 Nd7 14. Nd5 Qd8 15. Nxc6 Rxc6 16. Nxe7 Qxe7 17. Bg5 f6 18. Bf4 e5 19. Be3 Kf7 20. b4 Rhc8 21. a4 b5 22. cxb5 Rxc1 23. Rxc1 Rxc1+ 24. Qxc1 axb5 25. Bxb5 d5 26. Qc7 Nf8 27. Qxe7+ Kxe7 28. Bc5+ Kf7 29. exd5 Bxd5 30. Bxf8 Kxf8 31. Bd3 h6 32. Be4 Bc4 33. b5 Ke7 34. b6 Kd6 35. a5 Ba6 36. g4 g6 37. Bxg6 Kc5 38. Be4 Kb4 39. b7 Bxb7 40. Bxb7 Kxa5 41. Be4 Kb5 42. Kf2 Kc5 43. Kg3 1-0


[Site "https://www.chess.com"]

[Event "Titled Tuesday Blitz January 10 Early 2023"]
[White "Kuzmin, Roman"]
[Black "Qashashvili, Alexandre"]
[WhiteFideId "44134932"]
[BlackFideId "13600842"]
[WhiteElo "2198"]
[BlackElo "2505"]
[Result "0-1"]
[Round "09"]
[TimeControl "180+2"]
[Date "2023.01.10"]
[WhiteClock "0:00:05"]
[BlackClock "0:00:07"]

1. e4 c6 2. Nc3 d5 3. Nf3 dxe4 4. Nxe4 Nf6 5. Qe2 Nxe4 6. Qxe4 Qd5 7. Qf4 Qf5 8. Qe3 Qxc2 9. Bd3 Qa4 10. b3 Qg4 11. O-O Nd7 12. h3 Qb4 13. Bb2 Nf6 14. Ne5 Qa5 15. Bc4 e6 16. f4 Bc5 17. d4 Be7 18. f5 O-O 19. fxe6 Bxe6 20. Bxe6 fxe6 21. Nd3 Rae8 22. Qxe6+ Kh8 23. Ne5 Qd5 24. Qf5 Bd6 25. Rae1 Bc7 26. Qg5 Kg8 27. Kh1 Ba5 28. Re2 Bc7 29. Ree1 c5 30. Nf3 Qxg5 31. Nxg5 Rxe1 32. Rxe1 cxd4 33. Bxd4 Bg3 0-1


[Site "https://www.chess.com"]

[Event "Titled Tuesday Blitz January 10 Early 2023"]
[White "Lehtosaari, Mauri"]
[Black "Wilson, Elvin"]
[WhiteFideId "501999"]
[BlackFideId "2014874"]
[WhiteElo "2176"]
[BlackElo "2183"]
[Result "1-0"]
[Round "09"]
[TimeControl "180+2"]
[Date "2023.01.10"]
[WhiteClock "0:00:06"]
[BlackClock "0:00:01"]

1. d4 Nf6 2. Nf3 e6 3. Bg5 d5 4. Nbd2 Be7 5. e3 b6 6. Ne5 Bb7 7. Bd3 a6 8. O-O Nbd7 9. f4 c5 10. c3 Ne4 11. Bxe7 Qxe7 12. Nxd7 Qxd7 13. Nf3 f6 14. Qe2 c4 15. Bxe4 dxe4 16. Nd2 b5 17. a4 O-O 18. Qh5 f5 19. g4 Bd5 20. Rf2 bxa4 21. Rg2 Rab8 22. gxf5 Rxf5 23. Qg4 Rxb2 24. Rxa4 Rxd2 25. Rxa6 Rxg2+ 26. Kxg2 h6 27. Rb6 Kh7 28. h4 Qf7 29. Kg3 Rf6 30. h5 Rf5 31. Kh4 Qf6+ 32. Kg3 Qd8 33. Rb1 Qe8 34. Kh3 Qxh5+ 35. Kg3 Qxg4+ 36. Kxg4 Kg6 37. Rb8 Kf6 38. Rf8+ Ke7 39. Rg8 Kf7 40. Rc8 h5+ 41. Kh4 g6 42. Rc7+ Ke8 43. Rc8+ Kd7 44. Rg8 Rf6 45. Kg5 Rf5+ 46. Kh4 Rf6 47. Kg5 Ke7 48. Rg7+ Rf7 49. Rxg6 Rh7 50. Kh4 Kf7 51. Rg5 Kf6 52. Rg8 Kf7 53. Rg5 Rg7 54. Rxh5 Rg1 55. Rh7+ Kg6 56. Ra7 Rh1+ 57. Kg4 Rc1 58. f5+ exf5+ 59. Kf4 Rxc3 60. Ra6+ Kg7 61. Ke5 Bf7 62. Kxf5 Rxe3 63. Kf4 Rd3 64. Kxe4 Rd1 65. Rc6 Kf8 66. Ke5 Ke7 67. Rc7+ Kf8 68. Kf6 Rf1+ 69. Ke5 Re1+ 70. Kf6 Rf1+ 71. Ke5 Rf2 72. d5 Re2+ 73. Kf6 Rf2+ 74. Ke5 Rd2 75. d6 Rd5+ 76. Kf6 Rxd6+ 77. Ke5 Rd3 78. Ke4 Rd1 79. Ke5 Kg7 80. Ke4 Re1+ 81. Kf3 Kf6 82. Kf2 1-0


[Site "https://www.chess.com"]

[Event "Titled Tuesday Blitz January 10 Early 2023"]
[White "Gheorghiu, Calin"]
[Black "Bove, Alessandro"]
[WhiteFideId "1200305"]
[BlackFideId "814121"]
[WhiteElo "2313"]
[BlackElo "2311"]
[Result "1-0"]
[Round "09"]
[TimeControl "180+2"]
[Date "2023.01.10"]
[WhiteClock "0:00:34"]
[BlackClock "0:00:12"]

1. b3 Nc6 2. Bb2 e5 3. e3 f5 4. Bb5 d6 5. d4 exd4 6. Qxd4 Bd7 7. Qd2 Nf6 8. Nc3 g6 9. Nge2 Bg7 10. O-O-O O-O 11. h4 a6 12. Bc4+ Kh8 13. h5 Nxh5 14. Rxh5 gxh5 15. Nf4 Qg5 16. Rh1 h4 17. g3 Ne5 18. Bd5 c6 19. gxh4 Qe7 20. Bg2 Be8 21. h5 h6 22. Nce2 Rd8 23. Nd4 Bf7 24. Nxf5 Qg5 25. Nxg7 Qxg7 26. Be4 Rfe8 27. Bg6 Bxg6 28. Nxg6+ Kh7 29. f4 Rd7 30. Rd1 Nf3 31. Qd3 Ne5 32. Nxe5+ Kh8 33. Nxd7 1-0


[Site "https://www.chess.com"]

[Event "Titled Tuesday Blitz January 10 Early 2023"]
[White "Martinez, Shawn"]
[Black "Estrada Nieto, Julian"]
[WhiteFideId "2039770"]
[BlackFideId "5101018"]
[WhiteElo "1881"]
[BlackElo "2215"]
[Result "1-0"]
[Round "09"]
[TimeControl "180+2"]
[Date "2023.01.10"]
[WhiteClock "0:00:09"]
[BlackClock "0:00:09"]

1. e4 e5 2. Nf3 Nc6 3. d4 exd4 4. Nxd4 Nf6 5. Nxc6 bxc6 6. e5 Qe7 7. Qe2 Nd5 8. c4 Nb6 9. Nd2 Qe6 10. b3 a5 11. Bb2 a4 12. O-O-O Bb4 13. f4 O-O 14. Qe4 d5 15. Qc2 Ba6 16. f5 Qh6 17. Bd3 axb3 18. axb3 dxc4 19. bxc4 Rfd8 20. Kb1 Bxd2 21. Rxd2 Bxc4 22. Rhd1 Bxd3 23. Rxd3 Rxd3 24. Qxd3 Nd5 25. g4 Qf4 26. e6 fxe6 27. fxe6 Qxg4 28. Re1 Qb4 29. Re4 Qb5 30. Qg3 Qf1+ 31. Re1 Qf5+ 32. Kc1 Qg6 33. Qe5 Re8 34. h4 Qh6+ 35. Kb1 Qf4 36. Qxg7# 1-0


[Site "https://www.chess.com"]

[Event "Titled Tuesday Blitz January 10 Early 2023"]
[White "Lacasa Diaz, Jose Antonio"]
[Black "Kamalidenova, Meruert"]
[WhiteFideId "2203375"]
[BlackFideId "13712802"]
[WhiteElo "2359"]
[BlackElo "2350"]
[Result "0-1"]
[Round "09"]
[TimeControl "180+2"]
[Date "2023.01.10"]
[WhiteClock "0:00:17"]
[BlackClock "0:00:57"]

1. e4 e6 2. d4 d5 3. e5 c5 4. c3 Nc6 5. Nf3 Bd7 6. a3 f6 7. Bd3 fxe5 8. dxe5 Qc7 9. O-O Nxe5 10. Bf4 Nxf3+ 11. Qxf3 Bd6 12. Qh5+ Kd8 13. Bxd6 Qxd6 14. Nd2 Nf6 15. Qe2 Re8 16. Rad1 e5 17. Bb5 Bxb5 18. Qxb5 Qc6 19. Qe2 Kc7 20. b4 c4 21. Nf3 Nd7 22. Qc2 g6 23. Rd2 Rad8 24. Rfd1 Nf6 25. a4 a6 26. Re2 Ne4 27. Rb1 g5 28. b5 axb5 29. Rxb5 g4 30. Nd2 Nc5 31. Qxh7+ Rd7 32. Qh5 Rde7 33. Rb4 Nxa4 34. Nxc4 dxc4 35. Qxg4 b5 36. g3 Rd8 37. Re1 Nxc3 38. Ra1 Red7 39. Ra7+ Kb6 40. Rxd7 Rxd7 0-1


[Site "https://www.chess.com"]

[Event "Titled Tuesday Blitz January 10 Early 2023"]
[White "Degenbaev, Aziz"]
[Black "Shubenkova, Veronika"]
[WhiteFideId "13802640"]
[BlackFideId "44124040"]
[WhiteElo "2203"]
[BlackElo "1960"]
[Result "1-0"]
[Round "09"]
[TimeControl "180+2"]
[Date "2023.01.10"]
[WhiteClock "0:00:28"]
[BlackClock "0:01:01"]

1. c4 e6 2. Nc3 d5 3. d4 Nf6 4. cxd5 exd5 5. Bg5 Be7 6. e3 O-O 7. Bd3 c6 8. Qc2 Nbd7 9. Nge2 Re8 10. O-O Ne4 11. Bxe4 dxe4 12. Bf4 f5 13. d5 Bf6 14. Rfd1 c5 15. d6 Ne5 16. Nb5 Nd3 17. Nc7 Be6 18. Nxa8 Qxa8 19. Rxd3 exd3 20. Qxd3 c4 21. Qd2 Rd8 22. Nd4 Qc8 23. Nxe6 Qxe6 24. Rd1 Kf7 25. h3 Rd7 26. Qa5 b6 27. Qb5 g5 28. Bg3 f4 29. exf4 Rxd6 30. Rxd6 Qxd6 31. fxg5 Qd1+ 32. Kh2 Be7 33. Qxc4+ Kf8 34. Qc8+ Kf7 35. Qf5+ Kg8 36. Qe6+ Kf8 37. Qh6+ Kg8 38. Be5 Kf7 39. Qxh7+ Ke6 40. Bg3 Bxg5 41. Qg8+ Kf5 42. Qf7+ Bf6 43. Bh4 Qd6+ 44. g3 1-0


[Site "https://www.chess.com"]

[Event "Titled Tuesday Blitz January 10 Early 2023"]
[White "Cepo, Toni"]
[Black "Bozorov, Makhsum"]
[WhiteFideId "4675916"]
[BlackFideId "14201330"]
[WhiteElo "2145"]
[BlackElo "2145"]
[Result "0-1"]
[Round "09"]
[TimeControl "180+2"]
[Date "2023.01.10"]
[WhiteClock "0:00:02"]
[BlackClock "0:01:04"]

1. e4 e5 2. Nf3 Nf6 3. Nc3 Bb4 4. Bc4 O-O 5. O-O d6 6. h3 Be6 7. Bb3 Nc6 8. d3 h6 9. Bd2 a6 10. a3 Bc5 11. Nd5 Bxd5 12. exd5 Ne7 13. c4 Ng6 14. Bc2 Ba7 15. Be3 Re8 16. Qd2 e4 17. dxe4 Nxe4 18. Bxe4 Rxe4 19. Bxa7 Rxa7 20. Rfe1 Rxe1+ 21. Rxe1 Ra8 22. Qe2 Qf6 23. b4 a5 24. b5 b6 0-1


[Site "https://www.chess.com"]

[Event "Titled Tuesday Blitz January 10 Early 2023"]
[White "Kirillov, Dmitry"]
[Black "Ruge, Edison"]
[WhiteFideId "34180572"]
[BlackFideId "4401000"]
[WhiteElo "2179"]
[BlackElo "2201"]
[Result "0-1"]
[Round "09"]
[TimeControl "180+2"]
[Date "2023.01.10"]
[WhiteClock "0:00:06"]
[BlackClock "0:00:53"]

1. e4 e5 2. Nf3 Nc6 3. d4 exd4 4. c3 d3 5. Bxd3 d6 6. O-O Be7 7. h3 Nf6 8. Bc4 O-O 9. Re1 Ne5 10. Nxe5 dxe5 11. Qc2 c6 12. Be3 Qc7 13. Nd2 b5 14. Bf1 Be6 15. c4 b4 16. b3 c5 17. g4 Nd7 18. Bg2 Nb8 19. a3 Nc6 20. a4 a5 21. Rad1 Rad8 22. Nf1 Rxd1 23. Rxd1 Rd8 24. Ng3 g6 25. Bf1 Rd7 26. Rxd7 Qxd7 27. Qd3 Nd4 28. Bxd4 exd4 29. f4 Bh4 30. f5 gxf5 31. gxf5 Qc7 32. Nh5 Bc8 33. Qf3 Qe7 34. Qg4+ Qg5 35. Nf6+ Kg7 36. Ne8+ Kf8 37. Nd6 Bd7 38. Qxg5 Bxg5 39. Nb7 Bc6 40. Nxc5 Be7 41. Nd3 Bxe4 42. Be2 Bxf5 43. Kg2 Be4+ 44. Kf2 Bh4+ 45. Kf1 f5 46. Nc5 Bc2 47. Bd3 Bxd3+ 48. Nxd3 Kf7 49. Nc5 Kf6 50. Nb7 d3 51. Nxa5 Ke5 52. Nc6+ Ke4 53. Nxb4 Ke3 54. Nxd3 Kxd3 55. a5 Bd8 56. a6 Bb6 57. Kg2 Ke3 58. b4 Kd4 59. c5 Ba7 60. Kf3 Kd5 61. Kf4 Kc6 62. Kxf5 Kb5 63. Ke6 Kxa6 64. Kd6 Kb7 65. b5 Kc8 66. b6 Bb8+ 67. Ke6 Kb7 68. Kd7 h5 69. Ke6 h4 70. Kf5 Kc6 71. Kg4 Bg3 72. Kf3 Kxc5 73. Kg2 Kxb6 74. Kh1 Kc5 75. Kg2 Kd5 76. Kh1 Ke4 77. Kg2 Kf4 78. Kh1 Kf3 79. Kg1 Bf4 80. Kh1 Kg3 81. Kg1 Kxh3 82. Kh1 Kg3 83. Kg1 Kh3 84. Kh1 Kg4 85. Kg1 Be3+ 86. Kh1 Bd4 87. Kg2 Be3 88. Kh1 Kf3 89. Kh2 Bf2 90. Kh3 Ke2 91. Kg2 Ke1 92. Kh1 Kf1 93. Kh2 Bg3+ 94. Kh1 Be1 95. Kh2 Kf2 96. Kh3 Kg1 97. Kg4 Kg2 0-1


[Site "https://www.chess.com"]

[Event "Titled Tuesday Blitz January 10 Early 2023"]
[White "Fajdetic, Hrvoje"]
[Black "Tarasova, Viktoriya"]
[WhiteFideId "14501945"]
[BlackFideId "4175840"]
[WhiteElo "2151"]
[BlackElo "2226"]
[Result "1-0"]
[Round "09"]
[TimeControl "180+2"]
[Date "2023.01.10"]
[WhiteClock "0:00:06"]
[BlackClock "0:00:02"]

1. d4 Nf6 2. Bf4 e6 3. e3 c5 4. Nd2 d5 5. c3 Bd6 6. Bg3 O-O 7. Ngf3 Qc7 8. Ne5 Nbd7 9. f4 Ne4 10. Nxe4 dxe4 11. Qc2 f5 12. Bc4 Nf6 13. Qb3 Re8 14. Bh4 Bxe5 15. dxe5 Ng4 16. Bf2 a6 17. a4 Bd7 18. h3 Nxf2 19. Kxf2 Qc6 20. a5 Rab8 21. Rhd1 b5 22. axb6 Rxb6 23. Qa2 Qb7 24. b3 Bb5 25. Rd6 Bxc4 26. Rxb6 Qxb6 27. bxc4 Rd8 28. Rb1 Qa7 29. Rb2 h6 30. Qa5 Rd3 31. Rb6 Qd7 32. Qxc5 Rd2+ 33. Kg3 Qd3 34. Rd6 Qe2 35. Qc8+ Kh7 36. Rxd2 Qxd2 37. Qc5 Qe1+ 38. Kh2 Qxc3 39. Qb6 a5 40. Qxe6 Qxe3 41. Qxf5+ Kg8 42. Qe6+ Kh7 43. Qf5+ Kg8 44. Qg4 a4 45. f5 1-0


[Site "https://www.chess.com"]

[Event "Titled Tuesday Blitz January 10 Early 2023"]
[White "Lesbekova, Assel"]
[Black "Sala, Giulia"]
[WhiteFideId "13713248"]
[BlackFideId "2840451"]
[WhiteElo "1772"]
[BlackElo "1998"]
[Result "1-0"]
[Round "09"]
[TimeControl "180+2"]
[Date "2023.01.10"]
[WhiteClock "0:00:15"]
[BlackClock "0:00:15"]

1. e4 e5 2. Nf3 Nf6 3. Nxe5 Nc6 4. Nxc6 dxc6 5. d3 Bc5 6. Be2 h5 7. Be3 Bxe3 8. fxe3 Ng4 9. Qd2 Qg5 10. Bxg4 hxg4 11. g3 Be6 12. Nc3 O-O-O 13. O-O-O Rhe8 14. Rhf1 Qh6 15. Rf4 Rh8 16. Rf2 b5 17. Kb1 Rd7 18. Ne2 Rhd8 19. Nd4 Kb7 20. Qc3 Rd6 21. e5 Rd5 22. Qxc6+ Kb8 23. Nxb5 R8d7 24. Nc3 Rxe5 25. Qa4 Qxe3 26. Re2 Qc5 27. d4 Qxc3 28. bxc3 Rxe2 29. Qb5+ Ka8 30. Qxe2 Rd6 31. d5 Bxd5 32. c4 Rb6+ 33. Kc1 Bf3 34. Rd8+ Kb7 35. Qe8 Re6 36. Rb8+ Ka6 37. Qa4# 1-0


[Site "https://www.chess.com"]

[Event "Titled Tuesday Blitz January 10 Early 2023"]
[White "Dinu, Dumitru-Daniel"]
[Black "Vlassov, Nikolai"]
[WhiteFideId "1208403"]
[BlackFideId "4103360"]
[WhiteElo "2203"]
[BlackElo "2283"]
[Result "0-1"]
[Round "09"]
[TimeControl "180+2"]
[Date "2023.01.10"]
[WhiteClock "0:00:03"]
[BlackClock "0:00:05"]

1. e4 c5 2. Be2 g6 3. f4 Bg7 4. Nf3 d5 5. d3 dxe4 6. dxe4 Qxd1+ 7. Bxd1 Nc6 8. c3 e5 9. Ba4 Bd7 10. O-O Nge7 11. fxe5 Nxe5 12. Nxe5 Bxa4 13. Nxf7 O-O 14. Ng5 Rxf1+ 15. Kxf1 Nc6 16. Be3 Bh6 17. h4 Re8 18. b3 Bb5+ 19. c4 Bg7 20. cxb5 Nb4 21. Nc3 Nc2 22. Rc1 Nxe3+ 23. Kg1 Bd4 24. Kh2 Ng4+ 25. Kg3 Nf6 26. Nd5 Nxe4+ 27. Nxe4 Rxe4 28. Rxc5 Bxc5 29. Nf6+ Kf7 30. Nxe4 Be7 31. Kg4 h5+ 32. Kh3 Ke6 33. g3 Kd5 34. Nc3+ Kd4 35. Na4 Kd3 36. Kg2 Kc2 37. Kf3 Kb1 38. Nc3+ Kb2 39. Nd5 Bd8 40. Nf4 g5 41. hxg5 Bxg5 42. Nxh5 Kxa2 43. Ng7 Kxb3 44. Ne6 Be7 45. Ke4 Kc4 46. Nd4 Bf6 47. Nf5 Kxb5 48. Kd5 a5 49. Nd6+ Ka6 50. Kc4 Be7 51. Nb5 Bg5 52. Nc3 Kb6 53. Nd5+ Kc6 54. Nc3 Bf6 55. Nd5 Bg5 56. Nc3 Be7 57. Nd5 Bd6 58. g4 b5+ 59. Kd4 Bc5+ 60. Ke5 a4 61. g5 a3 62. Nc3 b4 63. g6 Bf8 64. Nb1 a2 65. Nd2 a1=Q+ 66. Kf5 Qg7 67. Ne4 Be7 68. Ng5 Qf6+ 69. Kg4 Qxg5+ 70. Kh3 Qxg6 71. Kh2 Bd6+ 72. Kh3 Qg3# 0-1


[Site "https://www.chess.com"]

[Event "Titled Tuesday Blitz January 10 Early 2023"]
[White "Leiva, Gianmarco"]
[Black "Leve, Nitai"]
[WhiteFideId "3804399"]
[BlackFideId "2006898"]
[WhiteElo "2392"]
[BlackElo "2128"]
[Result "1-0"]
[Round "09"]
[TimeControl "180+2"]
[Date "2023.01.10"]
[WhiteClock "0:00:05"]
[BlackClock "0:00:06"]

1. e4 c6 2. d4 d5 3. e5 c5 4. dxc5 Nc6 5. Nf3 Bg4 6. Bb5 e6 7. Nbd2 Bxc5 8. h3 Bh5 9. Nb3 Bb6 10. O-O Ne7 11. Re1 O-O 12. g4 Bg6 13. Be3 Rc8 14. c3 f6 15. exf6 Rxf6 16. Bg5 Qf8 17. Bxf6 Qxf6 18. Bd3 Rf8 19. Kg2 Bxf2 20. Kxf2 Ne5 21. Rxe5 Qxe5 22. Kg2 Be4 23. Bxe4 Qxe4 24. Nd2 Qe3 25. Qe1 Qh6 26. Qh4 Qxh4 27. Nxh4 e5 28. Nhf3 e4 29. Nd4 Ng6 30. Rf1 Re8 31. Kg3 h6 32. Rf5 Ne5 33. Nf1 Nc4 34. b3 Na3 35. Ne3 Nb1 36. Nxd5 e3 37. Rf1 e2 38. Re1 Nd2 39. Rxe2 Ne4+ 40. Kf4 Nd6 41. Rxe8+ Nxe8 42. Ke5 Kf7 43. Nf5 b6 44. Nd6+ 1-0


[Site "https://www.chess.com"]

[Event "Titled Tuesday Blitz January 10 Early 2023"]
[White "Fernandez, Michael"]
[Black "Renjith, Sravan"]
[WhiteFideId "5803560"]
[BlackFideId "4306783"]
[WhiteElo "2181"]
[BlackElo "2172"]
[Result "0-1"]
[Round "09"]
[TimeControl "180+2"]
[Date "2023.01.10"]
[WhiteClock "0:00:33"]
[BlackClock "0:00:02"]

1. d4 d5 2. c4 e6 3. Nc3 c5 4. cxd5 exd5 5. Nf3 Nc6 6. dxc5 d4 7. Ne4 Bxc5 8. Nxc5 Qa5+ 9. Bd2 Qxc5 10. Rc1 Qb6 11. e3 Nge7 12. Nxd4 Nxd4 13. exd4 O-O 14. Bc4 Qxd4 15. O-O Nc6 16. Be3 Qxb2 17. Bc5 Re8 18. Bxf7+ Kxf7 19. Qh5+ g6 20. Qxh7+ Qg7 21. Qh4 Be6 22. Rfe1 Rad8 23. Re3 Bf5 24. Qc4+ Re6 25. Rce1 Re8 26. Qd5 Qf6 27. g4 Bxg4 28. Qd7+ Kg8 29. Rxe6 Rxe6 30. Qc8+ Kh7 31. Qxb7+ Qg7 32. Qxg7+ Kxg7 33. Rb1 a6 34. Kg2 Bf5 35. Rb7+ Kf6 36. Kg3 Ne5 37. Bd4 Rd6 38. Bb2 Rd3+ 39. Kf4 g5# 0-1


[Site "https://www.chess.com"]

[Event "Titled Tuesday Blitz January 10 Early 2023"]
[White "Kuznecovs, Nikita"]
[Black "Kleiman, Jake"]
[WhiteFideId "11604557"]
[BlackFideId "2020041"]
[WhiteElo "2287"]
[BlackElo "2399"]
[Result "1-0"]
[Round "09"]
[TimeControl "180+2"]
[Date "2023.01.10"]
[WhiteClock "0:00:13"]
[BlackClock "0:00:05"]

1. Nf3 d5 2. g3 e6 3. Bg2 Nf6 4. O-O g6 5. c4 Bg7 6. d4 O-O 7. Nc3 Ne4 8. Qc2 Nxc3 9. bxc3 Nc6 10. e4 dxe4 11. Qxe4 e5 12. Be3 Bf5 13. Qd5 exd4 14. Nxd4 Bd7 15. Rab1 Qc8 16. Rfd1 Rb8 17. Rd2 Re8 18. Rdb2 Re5 19. Nxc6 bxc6 20. Rxb8 cxd5 21. Rxc8+ Bxc8 22. cxd5 Re8 23. c4 a6 24. Rb8 Rf8 25. Bf4 1-0


[Site "https://www.chess.com"]

[Event "Titled Tuesday Blitz January 10 Early 2023"]
[White "Trigo Urquijo, Sergio"]
[Black "Quinones Garcia, Santiago"]
[WhiteFideId "2262436"]
[BlackFideId "4408497"]
[WhiteElo "2408"]
[BlackElo "2248"]
[Result "0-1"]
[Round "09"]
[TimeControl "180+2"]
[Date "2023.01.10"]
[WhiteClock "0:00:17"]
[BlackClock "0:00:16"]

1. Nf3 d5 2. e3 c6 3. c4 Nf6 4. b3 Bg4 5. Bb2 Nbd7 6. h3 Bh5 7. Be2 e6 8. O-O Bd6 9. d4 O-O 10. Nc3 Re8 11. Rc1 h6 12. Re1 Qe7 13. Qd2 Rad8 14. Qc2 Bb8 15. e4 dxe4 16. Nxe4 Nxe4 17. Qxe4 Qd6 18. g3 Bg6 19. Qe3 Nf6 20. Ne5 Bf5 21. Bf1 Nd7 22. Nxd7 Qxd7 23. Bg2 a5 24. a4 Ba7 25. Red1 e5 26. Qc3 Bxd4 27. Qxa5 Bxh3 28. Bxd4 exd4 29. Bxh3 Qxh3 30. Qb6 d3 31. Qb4 Re2 32. Rd2 Rde8 33. Rxd3 Qf5 34. Rf1 Qxd3 35. Qxb7 Re1 36. Rxe1 Rxe1+ 37. Kg2 Qe4+ 38. Kh2 Rh1# 0-1


[Site "https://www.chess.com"]